 Dungeon Sprint DCSS version 0.27.1-33-g824d729ab1 (webtiles) character file.

Game seed: 12874777562138475573

10855 Hipnos the Ninja (level 11, -2/56 HPs)
             Began as a Spriggan Brigand on Dec 1, 2021.
             Was a High Priest of Okawaru.
             Killed by divine providence
             ... invoked by a daeva
              (17 damage)
             ... in the Dungeon (Sprint I: "Red Sonja").
             The game lasted 00:14:03 (3091 turns).

Hipnos the Ninja (Spriggan Brigand)                 Turns: 3091, Time: 00:14:04

Health: -2/56      AC:  3    Str:  7    XL:     11   Next: 41%
Magic:  12/12      EV: 24    Int: 13    God:    Okawaru [*****.]
Gold:   423        SH:  7    Dex: 20    Spells: 10/10 levels left

rFire    + . .     SeeInvis +   s - +4 short sword (holy)
rCold    . . .     Faith    .   t - +0 buckler
rNeg     . . .     Spirit   .   b - +0 robe
rPois    .         Reflect  .   (helmet restricted)
rElec    .         Harm     .   r - +0 cloak {Stlth+}
rCorr    .         Rampage  .   (gloves unavailable)
Will     +....     NoTele   +   (boots unavailable)
Stlth    +++++.....             (no amulet)
HPRegen  0.18/turn              u - ring of protection from fire
MPRegen  0.13/turn              (no ring)

@: glowing, very quick
A: very small, no large weapons, unfitting armour, see invisible, speed 3
a: Renounce Religion, Heroism, Finesse


You were in the Dungeon.
You worshipped Okawaru.
Okawaru was extremely pleased with you.
You visited 1 branch You collected 1350 gold pieces.
You spent 927 gold pieces at shops.

Inventory:

Hand Weapons
 a - a +2 dagger
 f - a +3 vampiric dagger
 o - a +2 short sword of distortion
 s - a +4 short sword of holy wrath (weapon)
Missiles
 d - 3 poisoned darts (quivered)
 e - a curare-tipped dart
 q - 5 datura-tipped darts
 v - 8 boomerangs
Armour
 b - a +0 robe (worn)
 c - a +0 cloak
 r - a +0 cloak of stealth (worn)
 t - a +0 buckler (worn)
 w - a +1 cloak
Jewellery
 u - a ring of protection from fire (left hand)
Wands
 j - a wand of iceblast (12)
Scrolls
 k - a scroll of fog {unknown}
 n - a scroll of torment {unknown}
Potions
 g - a potion of lignification {unknown}
 h - a potion of haste
 i - 2 potions of magic
 l - 2 potions of brilliance {unknown}
 p - a potion of attraction {unknown}


   Skills:
 + Level 5.8 Fighting
 * Level 12.3 Short Blades
 * Level 13.3 Throwing
 + Level 9.5 Dodging
 O Level 27 Stealth
 + Level 2.5 Shields
 + Level 2.4 Evocations


You had 10 spell levels left.
You didn't know any spells.
Your spell library was empty.

Dungeon Overview and Level Annotations

Branches:
Dungeon (1/1)

Altars:
Cheibriados
Dithmenos
Elyvilon
Fedhas
Gozag
Hepliaklqana
Kikubaaqudgha
Makhleb
Nemelex Xobeh
Okawaru
Qazlal
Ru
Sif Muna
Trog
Uskayaw
Vehumet
Wu Jian
Xom
Yredelemnul
Zin
The Shining One
Jiyva
Lugonu

Shops:
D =:[!:?(=[(*=:(([[


Innate Abilities, Weirdness & Mutations

You are very small and have problems with some larger weapons.
You are too small for most types of armour.
You have supernaturally acute eyesight. (SInv)
You cover ground extremely quickly. (Speed+++)


Message History

The Shining One smites you!
You see here 27 gold pieces.
You now have 396 gold pieces (gained 27).
You see here 27 gold pieces.
You now have 423 gold pieces (gained 27).
The daeva calls down the wrath of the Shining One upon you.
The Shining One smites you!
There is an open door here.
You close the door.
You open the door.
A daeva is nearby!
The daeva shouts!
There is an open door here.
The daeva calls down the wrath of the Shining One upon you.
The Shining One smites you!
You see here 27 gold pieces.
You see here a +1 cloak.
w - a +1 cloak The daeva calls down the wrath of the Shining One upon you.
The Shining One smites you!
You see here 9 gold pieces.
The daeva calls down the wrath of the Shining One upon you.
The Shining One smites you!
The daeva calls down the wrath of the Shining One upon you.
The Shining One smites you!
* * * LOW HITPOINT WARNING * * *
You feel better.
The daeva calls down the wrath of the Shining One upon you.
The Shining One smites you!
* * * LOW HITPOINT WARNING * * *
You feel better.
The daeva calls down the wrath of the Shining One upon you.
The Shining One smites you!
* * * LOW HITPOINT WARNING * * *
You feel better.
Okay, then.
Okay, then.
The daeva calls down the wrath of the Shining One upon you.
The Shining One smites you!
You die...

.##'#§####.§§.§##..'^^#
.+..#§# ##.§§#######+#
##..'.# ###§#[.$##
##+#### #§##$$.# #
#..###.# # ##.#A#.# ###
#..###.# '.# #.##...#
#.# #..#@### #.# ##...#
#.# ###.# #.# #.# §.#
#.# #.# #+# #§# §§# ###


You could see a daeva.

Vanquished Creatures
  A hydra (D)
  2 centaur warriors (D)
  Sonja (D)
  A deep troll (D)
  A lindwurm (D)
  An oklob plant (D)
  7 unseen horrors (D)
  2 demonic crawlers (D)
  2 kobold demonologists (D)
  A hornet (D)
  A slime creature (D)
  2 redbacks (D)
  Sigmund (D)
  A yak (D)
  13 hogs (D)
  3 floating eyes (D)
  An ogre (D)
  5 necrophages (D)
  8 jellies (D)
  Ijyb (D)
  A ballistomycete spore (D)
56 creatures vanquished.

Vanquished Creatures (others)
  A gargoyle (D)
  A ballistomycete spore (D)
2 creatures vanquished.

Grand Total: 58 creatures vanquished

Notes
Turn   | Place    | Note
-------+----------+-------------------------------------------
     0 | D        | Hipnos the Spriggan Brigand began the quest for the Orb.
     0 | D        | Reached XP level 1. HP: 10/10 MP: 2/2
     1 | D        | Noticed Ijyb
    21 | D        | Killed Ijyb
    22 | D        | Reached skill level 9 in Stealth
    22 | D        | Reached XP level 2. HP: 12/15 MP: 3/3
   150 | D        | Noticed an ogre
   153 | D        | Killed an ogre
   154 | D        | Reached skill level 12 in Stealth
   154 | D        | Reached XP level 3. HP: 18/18 MP: 4/4
   154 | D        | Reached XP level 4. HP: 23/23 MP: 5/5
   164 | D        | Noticed Sigmund
   167 | D        | Killed Sigmund
   168 | D        | Reached skill level 5 in Short Blades
   168 | D        | Reached skill level 15 in Stealth
   168 | D        | Reached XP level 5. HP: 27/27 MP: 6/6
   168 | D        | Reached XP level 6. HP: 32/32 MP: 7/7
   180 | D        | Found a shimmering blue altar of Sif Muna.
   181 | D        | Found an ornate altar of the Wu Jian Council.
   182 | D        | Found a radiant altar of Vehumet.
   258 | D        | Reached skill level 16 in Stealth
   388 | D        | Found Lagroiha's Book Emporium.
   388 | D        | Found an ancient bone altar of Kikubaaqudgha.
   388 | D        | Found a hazy altar of Hepliaklqana.
   388 | D        | Found a stormy altar of Qazlal.
   388 | D        | Found a hide-covered altar of Uskayaw.
   388 | D        | Found a blossoming altar of Fedhas.
   388 | D        | Found a bloodstained altar of Trog.
   388 | D        | Found an iron altar of Okawaru.
   388 | D        | Found a basalt altar of Yredelemnul.
   388 | D        | Found a glowing golden altar of the Shining One.
   388 | D        | Found a snail-covered altar of Cheibriados.
   388 | D        | Found a sacrificial altar of Ru.
   388 | D        | Found a glowing silver altar of Zin.
   388 | D        | Found a shadowy altar of Dithmenos.
   388 | D        | Found a white marble altar of Elyvilon.
   388 | D        | Noticed a yak
   389 | D        | Found an opulent altar of Gozag.
   390 | D        | Killed a yak
   391 | D        | Reached skill level 5 in Throwing
   391 | D        | Reached skill level 17 in Stealth
   391 | D        | Found a sparkling altar of Nemelex Xobeh.
   396 | D        | Became a worshipper of Warmaster Okawaru
   409 | D        | Found a burning altar of Makhleb.
   409 | D        | Found a viscous altar of Jiyva.
   409 | D        | Found a shimmering altar of Xom.
   409 | D        | Found a corrupted altar of Lugonu.
   409 | D        | Noticed a slime creature
   683 | D        | Noticed Sonja
   687 | D        | Killed Sonja
   687 | D        | Reached * piety under Okawaru
   688 | D        | Reached skill level 19 in Stealth
   688 | D        | Reached XP level 7. HP: 36/36 MP: 8/8
   688 | D        | Reached XP level 8. HP: 40/40 MP: 9/9
   705 | D        | Found Baadit's Jewellery Boutique.
   725 | D        | Noticed a deep troll
   729 | D        | Killed a deep troll
   730 | D        | Reached skill level 21 in Stealth
   739 | D        | Found Pyumeaps's Armour Emporium.
   908 | D        | Killed a slime creature
   934 | D        | Noticed a kobold demonologist
   935 | D        | Noticed a kobold demonologist
   937 | D        | Reached ** piety under Okawaru
   939 | D        | Killed a kobold demonologist
   940 | D        | Reached skill level 22 in Stealth
   940 | D        | Reached XP level 9. HP: 45/45 MP: 10/10
   940 | D        | Killed a kobold demonologist
   941 | D        | Reached skill level 10 in Throwing
   942 | D        | Noticed a demonic crawler
   942 | D        | Noticed a demonic crawler
   942 | D        | Noticed a demonic crawler
   942 | D        | Noticed a demonic crawler
   944 | D        | Killed a demonic crawler
   945 | D        | Reached skill level 23 in Stealth
  1018 | D        | Killed a gargoyle
  1179 | D        | Noticed a centaur warrior
  1179 | D        | Noticed a centaur warrior
  1181 | D        | Killed a centaur warrior
  1183 | D        | Killed a centaur warrior
  1183 | D        | Reached *** piety under Okawaru
  1184 | D        | Reached skill level 24 in Stealth
  1184 | D        | Reached XP level 10. HP: 51/51 MP: 11/11
  1207 | D        | Noticed an oklob plant
  1209 | D        | Killed an oklob plant
  1217 | D        | Received a gift from Okawaru
  1218 | D        | Reached skill level 25 in Stealth
  1260 | D        | Reached skill level 10 in Short Blades
  1261 | D        | Reached **** piety under Okawaru
  1313 | D        | HP: 2/51 [acid (8)]
  1660 | D        | Reached skill level 26 in Stealth
  1719 | D        | Received a gift from Okawaru
  1720 | D        | Reached skill level 5 in Dodging
  1756 | D        | Identified the +6 longbow of Puchelu {venom, rElec SInv}
  1757 | D        | Identified the +5 arbalest "Hixu" {vorpal, Fly rElec Dex+3}
  1759 | D        | Identified the +0 ring mail of the Aged Howling Beds {rF+}
  1764 | D        | Found Biotuoxe's Distillery.
  1764 | D        | Found Hosegoha's Antique Armour Shop.
  1764 | D        | Found Cenoug's Book Boutique.
  1766 | D        | Found Exeh's Magic Scroll Emporium.
  1766 | D        | Found Legogh's Weapon Shop.
  1766 | D        | Found Wucyot's Jewellery Shoppe.
  1766 | D        | Found Zytaaleu's Antique Armour Boutique.
  1766 | D        | Found Womadwescho's Weapon Emporium.
  1766 | D        | Found Veof's General Store.
  1766 | D        | Found Wuicuzitz's Jewellery Shoppe.
  1768 | D        | Bought a glowing cloak for 150 gold pieces
  1780 | D        | Found Bokie's Book Boutique.
  1781 | D        | Found Vischemidgh's Antique Weapon Emporium.
  1781 | D        | Found Canose Ofur's Weapon Boutique.
  1782 | D        | Found Runodd's Antique Armour Emporium.
  1790 | D        | Bought a +4 short sword of holy wrath for 301 gold pieces
  1946 | D        | Bought a buckler for 126 gold pieces
  1966 | D        | Bought a ring of protection from fire for 350 gold pieces
  2269 | D        | Noticed a shining eye
  2269 | D        | Noticed a shining eye
  2269 | D        | Noticed a shining eye
  2588 | D        | Noticed a lindwurm
  2590 | D        | Killed a lindwurm
  2591 | D        | Reached skill level 1 in Evocations
  2602 | D        | Received a gift from Okawaru
  2610 | D        | Reached XP level 11. HP: 54/54 MP: 12/12
  2611 | D        | Reached skill level 27 in Stealth
  2611 | D        | Reached skill level 1 in Shields
  2613 | D        | Reached skill level 5 in Fighting
  2632 | D        | Noticed a 12-headed hydra
  2634 | D        | Killed a 12-headed hydra
  2634 | D        | Reached ***** piety under Okawaru
  2660 | D        | Noticed a daeva
  2670 | D        | Received a gift from Okawaru
  3091 | D        | Killed from afar by a daeva

Illustrated notes

Levels and vault maps discovered:
D:        dungeon_sprint_1 [red_sonja_temple_1, red_sonja_temple_small_1]

Skill      XL: |  1  2  3  4  5  6  7  8  9 10 11 |
---------------+----------------------------------+-----
Fighting       | 2 3 4 5 |  5.8
Short Blades   | 3 4 5 7 8 9 10 12 | 12.3
Stealth        | 9 12 15 19 22 24 26 27 | 27.0
Throwing       | 3 4 7 9 11 12 13 | 13.3
Dodging        | 2 3 4 6 9 |  9.5
Evocations     | 1 2 |  2.4
Shields        | 2 |  2.5

Action                   |  1- 3 |  4- 6 |  7- 9 | 10-12 || total
-------------------------+-------+-------+-------+-------++-------
Melee: Dagger            |    16 |     4 |     2 |       ||    22
       Short sword       |       |       |    10 |   127 ||   137
Throw: Dart              |       |    25 |       |    12 ||    37
Evoke: Wand              |       |       |       |     2 ||     2
  Use: Potion            |     3 |       |       |     3 ||     6
       Scroll            |       |       |       |     1 ||     1
 Stab: Sleeping          |     2 |     3 |     8 |    30 ||    43
       Distracted        |       |       |     1 |     1 ||     2
Armor: Robe              |     2 |     2 |     2 |    16 ||    22
Dodge: Dodged            |     7 |     3 |     2 |    88 ||   100
Block: Buckler           |       |       |       |    22 ||    22
